Cogmind - Beta 9.1 @@@ ROGUE MODE // 2019.10.31 @ 20:27:01 Player: tourn Result: Destroyed by Y-45 Defender with Beam Rifle Performance ------------- Evolutions (1) 500 Regions Visited (3) 600 Robots Destroyed (61) 305 Value Destroyed (1211) 1211 Prototype IDs (5) 100 Alien Tech Used (0) 0 Bonus (-821) -821 TOTAL SCORE: 1895 Bonus ------- Friendly Fire -821 Cogmind --------- Core Integrity 0/400 Matter 151/300 Energy 123/125 System Corruption 1% Temperature Cool (11) Location -9/Materials Parts ------- Power (1) Light Ion Engine Propulsion (2) Improved Flight Unit Improved Flight Unit Utility (4) Large Storage Unit Improved Light Armor Plating Weapon (2) Inventory (10) Improved Flight Unit Medium Storage Unit Large Storage Unit YI-UF0's Bottomless Matter Pit (455) Signal Interpreter Improved Light Armor Plating Electrolaser EMP Blaster Peak State ------------ Power Improved Deuterium Engine Propulsion Carbon-fiber Leg Carbon-fiber Leg Utility Advanced Heat Sink Medium Storage Unit Large Storage Unit Improved Targeting Computer Weapon Small Laser YI-UF0's Doublenader Inventory Light Nuclear Core Aluminum Leg Aluminum Leg Large Storage Unit High-capacity Storage Unit YI-UF0's Bottomless Matter Pit Signal Interpreter Improved Targeting Computer Light Armor Plating Reclamation Unit Assault Rifle [Rating: 26] Favorites ----------- Power Improved Deuterium Engine Engine Improved Deuterium Engine Power Core Light Nuclear Core Propulsion Aluminum Leg Treads Light Treads Leg Aluminum Leg Flight Unit Flight Unit Utility Large Storage Unit Device Advanced Heat Sink Storage Large Storage Unit Processor Improved Targeting Computer Protection Light Armor Plating Weapon Heavy EM Pulse Gun Energy Gun Heavy EM Pulse Gun Ballistic Gun Assault Rifle Ballistic Cannon Light Cannon Launcher YI-UF0's Doublenader Build | -11 -10 -10 -9 ------- Run | Scr Mat Min Mat Slots Evolved 2 | . . . 2 Power . | . . . . Propulsion . | . . . . Utility 2 | . . . 2 Weapon . | . . . . Parts Attached 70 | . 7 21 42 Power 6 | . 1 3 2 Engine 4 | . 1 2 1 Core 2 | . . 1 1 Reactor . | . . . . Propulsion 20 | . 1 9 10 Treads 2 | . . 1 1 Leg 13 | . 1 8 4 Wheel . | . . . . Hover . | . . . . Flight 5 | . . . 5 Utility 21 | . 3 3 15 Device 5 | . . 1 4 Storage 9 | . 2 2 5 Processor 1 | . . . 1 Hackware . | . . . . Protection 6 | . 1 . 5 Artifact . | . . . . Weapon 23 | . 2 6 15 Energy Gun 10 | . 2 4 4 Energy Cannon . | . . . . Ballistic Gun 6 | . . . 6 Ballistic Cannon 2 | . . . 2 Launcher 5 | . . 2 3 Special Weapon . | . . . . Impact Weapon . | . . . . Slashing Weapon . | . . . . Piercing Weapon . | . . . . Special Melee Weapon . | . . . . Unidentified Prototypes 3 | . . 2 1 Parts Lost 20 | . . 4 16 Power 2 | . . . 2 Propulsion 5 | . . 1 4 Utility 3 | . . 1 2 Weapon 10 | . . 2 8 Highest Loss Streak 7 | . . 3 7 Average Slot Usage (%) 90 | . 97 95 84 Engine 8 | . 14 8 6 Core 3 | . . 5 3 Leg 23 | . 28 27 17 Device 5 | . . 5 7 Storage 18 | . 17 19 18 Processor 2 | . . . 6 Protection 2 | . 8 . 1 Energy Gun 17 | . 21 26 8 Ballistic Gun 3 | . 6 . 5 Ballistic Cannon 1 | . . . 3 Naked Turns 32 | . . . 32 Heaviest Build 46 | 11 30 40 46 Greatest Support 30 | 20 20 30 30 Greatest Overweight (x) 4 | . 1 2 4 Average Overweight (x) . | . . 1 . Largest Inventory Capacity 16 | . 10 14 16 Average Capacity 11 | . 7 11 12 Most Carried 15 | . 8 11 15 Average Carried 8 | . 6 9 9 Final Capacity 14 | 6 10 14 10 Final Carried 8 | 6 8 8 8 Class Distribution -------------------- 60% | Mutant 39% | Scavenger-Mutant Dominant Class ---------------- Mutant | -10/Materials Mutant | -10/Mines Scavenger-Mutant | -9/Materials Resources | -11 -10 -10 -9 ----------- Run | Scr Mat Min Mat Matter Collected 1650 | 200 95 464 891 Remotely . | . . . . Salvage Created 1774 | . 493 550 731 Parts 121 | . 24 35 62 Haulers Intercepted 4 | . 1 . 3 Recyclers Shooed 2 | . 2 . . Parts Field Recycled . | . . . . Retrieved Matter . | . . . . Parts Self-Destructed . | . . . . Prevented . | . . . . Kills | -11 -10 -10 -9 ------- Run | Scr Mat Min Mat Combat Hostiles Destroyed 46 | . 9 9 28 Guns 24 | . 8 5 11 Cannons 6 | . . . 6 AOE 14 | . . 3 11 Classes Destroyed 9 | . 5 2 2 Worker 5 | . . 1 4 Builder 1 | . 1 . . Tunneler 2 | . . 2 . Hauler 4 | . 1 . 3 Recycler 2 | . 1 1 . Swarmer 22 | . 3 3 16 Grunt 20 | . 6 6 8 Duelist 1 | . . . 1 Sentry 3 | . . . 3 Best Kill Streak 8 | . 5 4 8 Combat Bots Only 7 | . 3 3 7 Max Kills in Single Turn 5 | . 2 3 5 Gunslinging 1 | . 1 . . Exploded 4 | . . 2 4 Melee . | . . . . Uniques/NPCs Destroyed 1 | . . 1 . YI-UF0 (-10/Mines) Combat | -11 -10 -10 -9 -------- Run | Scr Mat Min Mat Damage Taken 2209 | . 237 476 1496 Core 520 | . 23 91 406 Absorbed by Shields . | . . . . Core Remaining (%) 77 | 100 . 54 . Volleys Fired 158 | . 32 30 96 Largest 2 | . 2 2 2 Hottest 126 | . 90 90 126 Shots Fired 260 | . 64 54 142 Gun 204 | . 64 51 89 Cannon 48 | . . . 48 Launcher 8 | . . 3 5 Special . | . . . . Kinetic 110 | . 10 . 100 Thermal 26 | . . . 26 Explosive 8 | . . 3 5 Electromagnetic 116 | . 54 51 11 Robot Hit Streak 13 | . 5 7 13 Robot Miss Streak 4 | . 4 2 4 Penetration Max . | . . . . Secondary Targets 2 | . 1 . 1 Max Gunslinging Chain 1 | . 1 . 1 Shots Hit Robots 181 | . 36 37 108 Core Hits 84 | . 16 18 50 Critical Hits 1 | . . . 1 Critical Kills . | . . . . Critical Parts Destroyed 1 | . . . 1 Melee Attacks . | . . . . Impact . | . . . . Slashing . | . . . . Piercing . | . . . . Sneak Attacks . | . . . . Combat Hostiles . | . . . . Follow-up Attacks . | . . . . Damage Inflicted 3882 | . 660 850 2372 Guns 2046 | . 548 531 967 Cannons 607 | . . . 607 Explosions 1225 | . 110 319 796 Melee . | . . . . Ramming 4 | . 2 . 2 Kinetic 1147 | . 73 . 1074 Thermal 607 | . 110 54 443 Explosive 994 | . . 265 729 Electromagnetic 1130 | . 475 531 124 Impact . | . . . . Slashing . | . . . . Piercing . | . . . . Highest Corruption 1 | . . . 1 Average Corruption 1 | . . . 1 Corruption Purged . | . . . . Effects 4 | . . . 4 Message Errors 2 | . . . 2 Energy Discharges 1 | . . . 1 Data Loss (minor) 1 | . . . 1 Overload Shots . | . . . . Overflow Damage 98 | . 9 33 56 Projectiles 29 | . . . 29 Explosions 69 | . 9 33 27 Melee . | . . . . Knockbacks 8 | . . . 8 Impact . | . . . . Kinetic 8 | . . . 8 Secondary . | . . . . Self-Inflicted Damage 246 | . 23 140 83 Shots 10 | . 1 5 4 Rammed . | . . . . Targets Rammed 2 | . 1 . 1 Kicked 2 | . 1 . 1 Crushed . | . . . . Highest Temperature 370 | . 257 136 370 Average Temperature 85 | . 92 52 115 Received Heat Transfer 657 | . 81 174 402 Effects 2 | . . . 2 Interference 1 | . . . 1 Matter Decay 1 | . . . 1 Siege Activations . | . . . . Robots Corrupted 3 | . 1 2 . Combat Hostiles 2 | . 1 1 . Parts Fried 4 | . 3 1 . Impact Corruptions . | . . . . Robots Melted . | . . . . Combat Hostiles . | . . . . Parts Melted 1 | . . . 1 Heat Transferred 1228 | . 200 100 928 Parts Sabotaged . | . . . . Parts Stolen . | . . . . Parts Stripped . | . . . . Power Chain Reactions 5 | . 3 1 1 Missiles Intercepted . | . . . . Alert | -11 -10 -10 -9 ------- Run | Scr Mat Min Mat Peak Influence 411 | . 197 159 411 Average Influence 121 | . 95 57 187 Maximum Alert Level 2 | . . . 2 Low Security (%) 76 | . . . . Level 1 21 | . . . . Level 2 1 | . . . . Level 3 . | . . . . Level 4 . | . . . . Level 5 . | . . . . High Security . | . . . . Max Security . | . . . . Squads Dispatched 3 | . 1 . 2 Investigation . | . . . . Extermination . | . . . . Reinforcement 3 | . 1 . 2 Assault . | . . . . Garrison . | . . . . Intercept . | . . . . Construction Impeded . | . . . . Haulers Reinforced . | . . . . Stealth | -11 -10 -10 -9 --------- Run | Scr Mat Min Mat Distress Signals 8 | . 2 . 6 Communications Jammed . | . . . . Distress Signals . | . . . . Times Spotted 87 | . 19 16 52 Peak Tracking Total 9 | . 7 4 9 Tactical Retreats 11 | . 2 6 3 Traps | -11 -10 -10 -9 ------- Run | Scr Mat Min Mat Traps Triggered 1 | . . . 1 Indirectly . | . . . . Trap Hack Attempts . | . . . . Triggered . | . . . . Disarmed . | . . . . Reprogrammed . | . . . . Reused . | . . . . Traps Extracted . | . . . . Installed . | . . . . Triggered 1 | . 1 . . Machines | -11 -10 -10 -9 ---------- Run | Scr Mat Min Mat Machines Disabled 3 | . . 1 2 Max in Single Turn 1 | . . 1 1 Machines Sabotaged . | . . . . Garrisons Compromised . | . . . . Overloaded Fab Kills . | . . . . Fab Network Shutdowns . | . . . . Hacking | -11 -10 -10 -9 --------- Run | Scr Mat Min Mat Machines Accessed 8 | . 4 . 4 Terminals 6 | . 4 . 2 Fabricators . | . . . . Repair Stations . | . . . . Recycling Units 1 | . . . 1 Scanalyzers 1 | . . . 1 Garrison Access . | . . . . Total Hacks 19 | . 7 . 12 Successful 10 | . 2 . 8 Failed 9 | . 5 . 4 Catastrophic 1 | . 1 . . Database Lockouts . | . . . . Manual 14 | . 6 . 8 Terminals 14 | . 7 . 7 Fabricators . | . . . . Repair Stations . | . . . . Recycling Units 2 | . . . 2 Scanalyzers 3 | . . . 3 Garrison Access . | . . . . Terminal Hacks 3 | . 1 . 2 Prototype ID Bank 1 | . 1 . . Branch Access Points 1 | . . . 1 Unreport Threat 1 | . . . 1 Fabricator Hacks . | . . . . Repair Station Hacks . | . . . . Recycling Unit Hacks 1 | . . . 1 Report Inventory 1 | . . . 1 Scanalyzer 2 | . . . 2 Insert Component 1 | . . . 1 Analyze 1 | . . . 1 Garrison Access Hacks . | . . . . Unauthorized Hacks 10 | . 2 . 8 Terminals 4 | . 1 . 3 Track 2 | . 1 . 1 Botnet 2 | . . . 2 Fabricators . | . . . . Repair Stations . | . . . . Recycling Units . | . . . . Scanalyzers . | . . . . Garrison Access . | . . . . Data Cores Recovered . | . . . . Used . | . . . . Hacking Detections 7 | . 3 . 4 Full Trace Events . | . . . . Feedback Events . | . . . . Feedback Blocked . | . . . . Robot Schematics Acquired . | . . . . Robots Built . | . . . . Matter . | . . . . Time . | . . . . Total Robot Build Rating . | . . . . Part Schematics Acquired 1 | . . . 1 Parts Built . | . . . . Matter . | . . . . Time . | . . . . Total Part Build Rating . | . . . . Parts Repaired . | . . . . Time . | . . . . Parts Recycled . | . . . . Recycled Matter . | . . . . Retrieved Matter . | . . . . Retrieved Components . | . . . . Parts Scanalyzed 1 | . . . 1 Part Schematics Acquired 1 | . . . 1 Parts Damaged 1 | . . . 1 Bothacking | -11 -10 -10 -9 ------------ Run | Scr Mat Min Mat Used RIF Installer . | . . . . Robots Hacked . | . . . . Non-combat . | . . . . Combat . | . . . . Robot Hacks Applied . | . . . . Relay Couplers Released . | . . . . Robots Rewired . | . . . . Allies Hacked . | . . . . Hacks Repelled . | . . . . Allies | -11 -10 -10 -9 -------- Run | Scr Mat Min Mat Total Allies . | . . . . Largest Group . | . . . . Highest-Rated Group . | . . . . Highest-Rated Ally . | . . . . Total Orders . | . . . . Ally Attacks . | . . . . Total Damage . | . . . . Kills . | . . . . Allies Corrupted . | . . . . Allies Melted . | . . . . Intel | -11 -10 -10 -9 ------- Run | Scr Mat Min Mat Robot Analysis Total . | . . . . Derelict Logs Recovered 1 | . . 1 . Drone Launches . | . . . . Drone Recoveries . | . . . . Exploration | -11 -10 -10 -9 ------------- Run | Scr Mat Min Mat Turns Passed 2758 | . 560 1010 1188 Spaces Moved 1540 | 1 331 581 627 Core 69 | . . . 69 Treads 5 | . . . 5 Legs 1352 | 1 331 581 439 Wheels . | . . . . Hover . | . . . . Flight 114 | . . . 114 Fastest Speed 32 | 120 120 120 32 Average Speed 135 | 120 128 150 125 Slowest Speed 240 | 120 150 180 240 Overloaded Moves . | . . . . Propulsion Burnouts . | . . . . Robots Hopped . | . . . . Cave-ins Triggered . | . . . . Exploration Rate (%) 53 | 1 57 101 55 Regions Visited 3 Branch Regions 1 Pre-discovered Areas 1 | . . 1 . Known Exits Taken . | . . . . Unknown Exits Taken 3 | 1 1 1 . Scrap Searched 1 | . . 1 . Spaces Dug . | . . . . Terrain Destroyed 79 | . 10 35 34 Melee . | . . . . Projectile 1 | . . . 1 AOE 78 | . 10 35 33 Actions | -11 -10 -10 -9 --------- Run | Scr Mat Min Mat Total 1952 | . 403 663 886 Wait 107 | . 19 11 77 Move 1537 | . 330 580 627 Hop . | . . . . Pick Up 35 | . 5 4 26 Fast Attach 28 | . 5 7 16 Attach 15 | . . 4 11 Detach 6 | . . 3 3 Swap 27 | . 2 10 15 Drop 37 | . 9 14 14 Fire 158 | . 32 30 96 Melee . | . . . . Ram . | . . . . Kick 2 | . 1 . 1 Crush . | . . . . Escape Stasis . | . . . . Rewire . | . . . . Trap . | . . . . Miscellaneous . | . . . . Route ------- -11/Scrapyard -10/Materials (discovered 2 exits: *Mat / [*Min]) -10/Mines (discovered 2 exits: *Mat x2) -9/Materials (discovered 3 exits: *Mat x2 / *Min) History --------- Turn | Location | Event 1 | -11/Scrapyard | Discovered new exit (range 0) 1 | -11/Scrapyard | Entered Materials 124 | -10/Materials | Discovered new exit (range 4) 183 | -10/Materials | Discovered new exit (range 13) 309 | -10/Materials | Build established: Mutant 561 | -10/Materials | Entered Mines 604 | -10/Mines | Lost 3 parts (1n1u1w) 775 | -10/Mines | Discovered new exit (range 7) 777 | -10/Mines | Learned location of Storage (-7) 1035 | -10/Mines | Build established: Scavenger-Mutant 1042 | -10/Mines | Discovered new exit (range 7) 1135 | -10/Mines | Assisted by bots powering up and referring to "LRC-V3" 1146 | -10/Mines | Destroyed YI-UF0 1160 | -10/Mines | Found Prototype Launcher 1160 | -10/Mines | Identified YI-UF0's Doublenader 1165 | -10/Mines | Found Prototype Storage 1165 | -10/Mines | Identified YI-UF0's Bottomless Matter Pit 1311 | -10/Mines | Learned location of 1 exit from Materials 1465 | -10/Mines | Build established: Mutant 1571 | -10/Mines | Entered Materials 1571 | -9/Materials | Evolved 2 slots: Utility x2 1572 | -9/Materials | Identified exit to Materials 1672 | -9/Materials | Identified exit to Mines 1872 | -9/Materials | Build established: Scavenger-Mutant 2039 | -9/Materials | Destroyed 7 combat bots 2178 | -9/Materials | Lost 7 parts (1p1n2u3w) 2568 | -9/Materials | Core integrity fell below 50% 2579 | -9/Materials | Released all parts (5) 2587 | -9/Materials | Core integrity fell below 20% 2598 | -9/Materials | Discovered exit to Materials (range 4) 2616 | -9/Materials | Lost 5 parts (1p2n2w) 2690 | -9/Materials | Build established: Mutant 2759 | -9/Materials | Destroyed by Y-45 Defender with Beam Rifle Last Messages --------------- 02671_ Acquired 26 matter. 02672_ Acquired 14 matter. 02675_ W-16 Scout sends out distress signal. 02703_ K-01 Serf collects debris. 02705_ K-01 Serf knocked back. 02707_ K-01 Serf collects debris. 02707_ K-01 Serf destroyed. 02709_ Matter Pump disabled. 02713_ K-01 Serf destroyed. 02716_ U-05 Engineer builds a Wall. 02723_ T-07 Excavator knocked back. 02732_ Dropped Flight Unit. 02736_ Acquired Imp. Flight Unit. 02738_ Acquired Lrg. Storage Unit. 02741_ Acquired Imp. Light Armor Plating. 02743_ Imp. Light Cannon destroyed. 02746_ Acquired Lrg. Storage Unit. 02750_ Acquired EMP Blaster. 02754_ W-16 Scout sends out distress signal. 02757_ Acquired Electrolaser. Map ----- +----------------------------------------------------+ | #???????????#########+#####??# =*+ #? | | #???????????+ #??????# =#= """#? | | #### +???????????# #??????# # R"#? | | #??# #???????????# #??????# # """#? | | #??# #????????" + #??????# # ## | | #??# #???????"" #### #??????# ######## | | #??# #??????? ?????# #??????# ######## | | #??# #??????????????# +??????# # # | | #??# #??????????????# #??????# #[ "" # | | #??# [################ #####+##[ # T" # | | +#### ][ ! =% + = "" # | | # =[= #[* # | | # # # | | # ############ ## """ """ # /#### | | """ # #??????????# ]! #" """ """ !### ##### | | """ # #??????????# [!===#T """ """ | | """ + #??????????# ! [==#" ! #### | | # #??????????######### ^ ^ # " | | # #?????????????????## """^ """ # "" | | ##### #?????????????????# """ """ # "" | | #?????????????????# %"" """ # | | #?????????????????# w% %=+ | | #?????????????????# # | | ###+#######?????????###### ######## ## | | # #?????????# +! # ?# | | # """ """ ###########= @ ! #= # """ ?#### | | # """ """ + =!!Y !!!! | # !! # "T" ????? | | ## """ """ ############ ####### != # ??? ????? | | ?# """ """ #????????? ????# #???? ????? | | ?# """ """ #???????# ???# #???? ????? | | ?# #???????# ??##### ##????? ????? | | ?# #???????# #??????##????????????? | | ???#########???????# ######????????????????????? | | ???????????????????# ??????????????????????????? | | ???????????????????####??????????????????????????? | | ?????????????????????????????????????????????????? | | ?????????????????????????????????????????????????? | | ?????????????????????????????????????????????????? | | ?????????????????????????????????????????????????? | | ?????????????????????????????????????????????????? | | ?????????????????????????????????????????????????? | | ?????????????????????????????????????????????????? | | ?????????????????????????????????????????????????? | | ?????????????????????????????????????????????????? | | ?????????????????????????????????????????????????? | | | | | | | | | | | +----------------------------------------------------+ Best States ------------- Heat Dissipation 47 Energy Generation 16 Energy Capacity 425 Matter Stores 300 Matter Capacity 300 Sight Range 16 Terrain Scan Density 10 Armor Coverage 150 Reclamation Efficiency 10 Evasion (%) 63 Targeting Accuracy 6 Recoil Reduction 1 Item Schematics ----------------- Carbon-fiber Leg | -9/Materials | Scanalyzed Robot Schematics ------------------ None Fabricated ------------ Nothing Alien Tech Used ----------------- None Achievements -------------- None Challenges ------------ None Game ------ Seed TeslaParticleCharger Manual? 0 Play Time 00:35:52 Cumulative 127.9 hours Start 2019.10.30 @ 19:51:52 End 2019.10.31 @ 20:27:01 Sessions 3 Manual Loads 0 Difficulty Rogue Special Mode None Game No. 37 Rogue 37 Adventurer 0 Explorer 0 Win Type - Total 2 Types 2/0/0/0/0/0/0 Lore% 52 Gallery% 54 Achievement% 36 Wizard Run 0 Options --------- ASCII 0 Keyboard 1 Movement Vi Keybinds 0 Fullscreen 1 Font 18/SmallcapsGlow Map View 76x50 Tactical HUD 1 Map Filters NONE Filters NONE Steam 1 RUN: 21b386a4-f39b-4a6b-b857-de1b5c35d847